Map: Distant Plane

Players

Comandante - Winner!

  • Race: Terran Terran

IIIIIIIIIIII - Winner!

  • Race: Protoss Protoss
  • League: Master

Tenonee

  • Race: Zerg Zerg
  • League: Diamond

IlIllIIlIIll

  • Race: Protoss Protoss

VOD

Have the link to the VOD?

Description

Time

  • Played on: July 26, 2016, 12:41 p.m.
  • Length: 11:42
Show
View Real Time Build Order
Export as new Build Order

Comandante Terran - Winner!

Build Orders:  

Get SALT Encoding   

  12  0:01  SCV  
  13  0:13  SCV  
  14  0:21  Supply Depot  
  14  0:25  SCV  
  15  0:38  Refinery  
  15  0:43  SCV  
  15  0:46  Barracks  
  16  0:55  SCV  
  17  1:12  SCV  
  18  1:24  SCV  
  19  1:32  Barracks Reactor  
  19  1:38  Command Center  
  19  1:43  Orbital Command  
  19  2:01  Factory  
  19  2:11  Marine x2  
  21  2:16  SCV  
  22  2:24  Supply Depot  
  22  2:28  Supply Depot, SCV  
  23  2:45  SCV  
  24  2:59  SCV  
  24  3:01  Hellion x2  
  29  3:07  Barracks Tech Lab  
  29  3:08  Bunker  
  29  3:10  Marine  
  30  3:17  Orbital Command  
  30  3:24  SCV  
  31  3:27  Hellion  
  31  3:33  Hellion  
  35  3:36  SCV  
  36  3:42  Starport  
  36  3:46  Starport  
  36  3:50  Barracks Tech Lab  
  36  3:53  SCV  
  36  3:54  SCV  
  38  3:59  Engineering Bay  
  38  4:05  SCV  
  39  4:18  SCV  
  40  4:25  SCV  
  40  4:28  Starport Tech Lab  
  40  4:31  SCV  
  42  4:35  Barracks Reactor  
  42  4:37  Widow Mine x2, Refinery  
  46  4:39  Missile Turret x2  
  46  4:44  SCV  
  46  4:45  SCV  
  48  4:52  Refinery  
  48  4:55  Refinery  
  48  4:56  SCV  
  48  4:57  SCV  
  50  5:04  Cloaking Field  
  50  5:09  SCV  
  49  5:20  SCV  
  49  5:21  SCV  
  45  5:28  Banshee  
  45  5:32  SCV  
  45  5:33  SCV  
  45  5:35  Banshee  
  53  5:37  Command Center  
  53  5:40  Command Center  
  53  5:42  Marine  
  54  5:50  Supply Depot x3  
  54  5:57  Barracks x2  
  54  5:59  Barracks  
  54  6:11  Widow Mine x2, SCV x2  
  54  6:17  Armory  
  60  6:19  Armory  
  60  6:20  Banshee  
  60  6:23  SCV x2  
  65  6:26  Banshee  
  68  6:35  SCV x2  
  70  6:54  Marine x2  
  70  6:57  Barracks Tech Lab x2, Barracks Reactor  
  70  7:01  SCV  
  73  7:03  Banshee  
  73  7:05  Orbital Command  
  75  7:08  Widow Mine x2  
  75  7:09  Banshee  
  75  7:10  SCV  
  75  7:13  SCV  
  75  7:14  Marine x2  
  86  7:18  Supply Depot  
  86  7:19  Supply Depot  
  86  7:23  Terran Ship Weapons Level 1, Terran Vehicle And Ship Armor Level 1  
  86  7:25  Terran Infantry Weapons Level 1  
  86  7:29  Stimpack  
  86  7:43  SCV  
  88  7:45  Planetary Fortress  
  84  7:53  Banshee  
  84  7:54  Missile Turret, Marine x2  
  84  7:55  Marine x3  
  92  8:03  SCV x2  
  92  8:04  SCV  
  92  8:19  SCV x2  
  94  8:20  SCV  
  94  8:23  Refinery  
  94  8:26  Refinery  
  95  8:31  Missile Turret, SCV  
  99  8:36  SCV x2  
  104  8:41  Marine  
  104  8:42  Marine x4  
  104  8:43  Combat Shields  
  104  8:45  Medivac  
  104  8:46  Medivac  
  107  8:51  SCV x3  
  107  8:52  SCV  
  107  8:53  Marine  
  112  8:58  Supply Depot  
  112  8:59  Supply Depot  
  112  9:00  Supply Depot x2  
  109  9:04  SCV x3  
  112  9:11  Marine x4  
  112  9:12  Marine, Marauder  
  112  9:15  Medivac x2  
  123  9:26  Terran Infantry Armor Level 1  
  123  9:29  Engineering Bay  
  123  9:30  Marauder  
  125  9:33  Marine x4  
  125  9:35  Marauder  
  128  9:38  Command Center  
  128  9:42  Command Center  
  128  9:51  Marine x4, Marauder  
  134  9:57  Marauder  
  134  9:59  Medivac  
  85  10:00  Medivac  
  138  10:01  Missile Turret  
  138  10:02  Missile Turret  
  140  10:08  Marine  
  140  10:09  Marine x2  
  140  10:10  Marine  
  140  10:13  Marauder  
  146  10:18  Marauder  
  148  10:26  Marine x2  
  148  10:27  Marine  
  148  10:28  Marine  
  142  10:34  Marauder  
  145  10:38  Medivac x2  
  145  10:40  Marauder  
  151  10:44  Marine x3  
  151  10:46  Marine  
  155  10:55  Supply Depot x3, Marauder  
  155  10:56  Planetary Fortress  
  157  10:57  Supply Depot, Planetary Fortress  
  157  10:58  Missile Turret x2  
  157  11:01  Marauder  
  157  11:02  Marine x3  
  157  11:04  Marine  
  162  11:07  Medivac  
  162  11:08  Medivac  
  156  11:17  Marauder  
  156  11:20  Marine x3  
  156  11:21  Marine  
Show
View Real Time Build Order
Export as new Build Order

IIIIIIIIIIII Protoss - Winner!

Build Orders: Oracle Opening 

Get SALT Encoding   

  12  0:03  Probe (Chrono Boost)  
  13  0:13  Probe (Chrono Boost)  
  14  0:20  Pylon  
  14  0:24  Probe (Chrono Boost)  
  15  0:38  Probe (Chrono Boost)  
  15  0:41  Gateway  
  16  0:48  Probe (Chrono Boost)  
  16  0:49  Assimilator  
  17  1:13  Probe (Chrono Boost)  
  18  1:26  Probe (Chrono Boost)  
  18  1:31  Cybernetics Core  
  19  1:42  Probe (Chrono Boost)  
  19  1:45  Nexus  
  20  1:48  Pylon  
  20  2:03  Assimilator  
  20  2:05  Assimilator  
  20  2:10  Warp Gate  
  20  2:14  Mothership Core (Chrono Boost)  
  22  2:20  Adept  
  24  2:36  Probe (Chrono Boost)  
  25  2:58  Probe (Chrono Boost), Stargate  
  27  3:00  Probe (Chrono Boost)  
  27  3:04  Gateway  
  27  3:09  Adept  
  29  3:15  Probe (Chrono Boost)  
  29  3:17  Probe (Chrono Boost)  
  31  3:22  Gateway  
  31  3:41  Oracle  
  33  3:48  Probe (Chrono Boost)  
  33  3:50  Probe (Chrono Boost)  
  33  3:55  Pylon  
  34  3:57  Pylon  
  34  4:14  Probe (Chrono Boost)  
  34  4:15  Phoenix  
  34  4:16  Pylon  
  37  4:26  Probe (Chrono Boost)  
  37  4:27  Probe (Chrono Boost)  
  39  4:35  Adept x3  
  39  4:38  Probe (Chrono Boost)  
  47  4:39  Probe (Chrono Boost)  
  47  4:48  Probe (Chrono Boost)  
  48  5:17  Phoenix  
  48  5:30  Probe (Chrono Boost), Assimilator, Stargate  
  48  5:34  Zealot x3  
  51  5:36  Probe (Chrono Boost)  
  51  5:39  Gateway, Phoenix  
  55  5:43  Pylon  
  55  5:44  Probe (Chrono Boost)  
  55  5:46  Assimilator  
  55  5:47  Probe (Chrono Boost)  
  55  5:56  Probe (Chrono Boost)  
  56  5:57  Probe (Chrono Boost)  
  56  5:58  Pylon  
  56  5:59  Pylon  
  57  6:07  Phoenix  
  57  6:08  Probe (Chrono Boost)  
  57  6:09  Probe (Chrono Boost)  
  57  6:10  Phoenix  
  59  6:20  Probe (Chrono Boost)  
  59  6:22  Probe (Chrono Boost)  
  59  6:32  Probe (Chrono Boost)  
  60  6:34  Probe (Chrono Boost)  
  60  6:37  Phoenix x2  
  55  6:47  Probe (Chrono Boost)  
  60  6:57  Probe (Chrono Boost)  
  60  6:58  Phoenix x2  
  60  6:59  Probe (Chrono Boost)  
  67  7:09  Probe (Chrono Boost)  
  67  7:20  Phoenix x2  
  72  7:30  Probe (Chrono Boost)  
  72  7:49  Nexus  
  72  7:52  Pylon  
  72  7:55  Pylon  
  63  8:07  Phoenix  
  63  8:08  Phoenix  
  61  8:29  Phoenix  
  61  8:30  Phoenix  
  63  8:36  Probe x2 (Chrono Boost)  
  62  8:48  Probe (Chrono Boost), Adept  
  62  8:49  Adept x3  
  62  8:51  Phoenix x2  
  74  9:10  Probe x2 (Chrono Boost)  
  74  9:12  Probe (Chrono Boost)  
  74  9:13  Phoenix x2  
  79  9:21  Adept  
  79  9:22  Adept x3  
  87  9:34  Phoenix  
  87  9:37  Phoenix  
  87  9:48  Adept x4  
  95  9:53  Gateway  
  95  9:54  Gateway  
  95  9:55  Gateway  
  95  9:56  Phoenix  
  97  10:02  Probe (Chrono Boost)  
  98  10:10  Pylon  
  74  10:58  Adept  
  74  10:59  Adept x3  
  74  11:04  Probe (Chrono Boost)  
  75  11:05  Pylon  
  75  11:09  Gateway  
  75  11:10  Gateway  
  75  11:11  Gateway  
  75  11:12  Pylon, Nexus  
  75  11:13  Forge, Gateway  
  75  11:14  Twilight Council, Probe (Chrono Boost), Forge  
  75  11:16  Gateway  
  75  11:17  Adept x3  
  75  11:18  Probe (Chrono Boost)  
  83  11:21  Adept x4  
  89  11:40  Adept x3  
  89  11:41  Adept x2  
  89  11:42  Adept  
Show
View Real Time Build Order
Export as new Build Order

Tenonee Zerg 

Build Orders: Hatch First 

Get SALT Encoding   

  12  0:01  Drone  
  13  0:12  Drone  
  14  0:19  Overlord  
  14  0:25  Extractor  
  14  0:26  Extractor  
  14  0:28  Drone  
  13  0:30  Drone  
  16  0:45  Drone  
  16  0:46  Drone  
  18  1:00  Hatchery  
  18  1:02  Drone  
  18  1:06  Extractor  
  17  1:20  Spawning Pool  
  17  1:32  Drone  
  17  1:33  Drone x2  
  19  1:43  Overlord  
  19  1:55  Drone  
  20  2:06  Metabolic Boost  
  20  2:14  Queen  
  20  2:15  Queen  
  24  2:21  Drone  
  24  2:22  Drone  
  26  2:29  Drone x2  
  28  2:37  Drone x2  
  28  2:38  Drone  
  31  2:46  Drone  
  31  2:52  Roach Warren  
  31  2:56  Drone  
  31  3:07  Drone x3  
  34  3:16  Zergling x2  
  35  3:22  Overlord  
  35  3:32  Spore Crawler  
  32  3:44  Drone  
  32  3:45  Drone x4  
  32  3:47  Zergling x4  
  38  3:52  Overlord  
  38  3:55  Queen  
  40  3:59  Overlord  
  41  4:23  Lair  
  39  4:28  Drone  
  39  4:29  Drone x6  
  39  4:30  Drone x2  
  48  4:32  Extractor  
  48  4:38  Extractor, Hatchery  
  45  4:39  Extractor  
  45  4:40  Drone x4  
  45  4:45  Evolution Chamber  
  47  4:47  Evolution Chamber  
  47  4:49  Drone  
  47  5:04  Roach x6  
  39  5:29  Spore Crawler  
  39  5:34  Queen  
  40  5:36  Drone x4  
  44  5:51  Queen  
  46  5:58  Glial Reconstitution  
  46  6:08  Spore Crawler  
  45  6:26  Drone x7  
  45  6:32  Spore Crawler  
  51  6:49  Spore Crawler  
  51  6:51  Drone  
  51  6:52  Drone x4  
  55  7:03  Hydralisk Den  
  54  7:10  Spore Crawler  
  53  7:21  Drone x4  
  57  7:37  Muscular Augments, Hydralisk x4  
  57  7:42  Overlord x3  
  65  8:05  Zerg Missile Weapons Level 1  
  65  8:10  Hydralisk  
  65  8:11  Hydralisk x6  
  71  8:33  Queen  
  71  8:34  Queen  
  73  8:38  Hydralisk  
  73  8:39  Hydralisk x2  
  79  8:51  Hydralisk x3  
  79  8:52  Hydralisk  
  87  8:57  Overseer  
  79  9:06  Pneumatized Carapace  
  79  9:09  Hydralisk x6  
  87  9:42  Hydralisk  
  89  9:46  Overlord x3  
  89  9:56  Zergling x2  
  90  10:00  Overlord  
  90  10:01  Overlord x2  
  88  10:10  Spore Crawler  
  88  10:12  Spore Crawler  
  86  10:14  Hydralisk x3  
  86  10:15  Hydralisk x2, Roach x5  
  86  10:16  Roach  
  93  10:33  Hydralisk x3  
  93  10:34  Hydralisk x2, Roach x4  
  93  10:35  Roach x2  
  88  10:51  Hydralisk, Roach  
  88  10:52  Roach  
  88  10:56  Hydralisk  
  88  10:57  Roach x2  
  92  10:58  Queen x3  
  90  11:14  Overseer x4  
  90  11:18  Hydralisk, Roach x3  
  94  11:19  Roach x3  
Show
View Real Time Build Order
Export as new Build Order

IlIllIIlIIll Protoss 

Build Orders: 1 Gate Expand 

Get SALT Encoding   

  12  0:00  Probe (Chrono Boost)  
  13  0:11  Probe (Chrono Boost)  
  14  0:18  Pylon  
  14  0:22  Probe (Chrono Boost)  
  15  0:37  Probe (Chrono Boost)  
  15  0:38  Gateway  
  15  0:41  Assimilator  
  16  0:47  Probe (Chrono Boost)  
  17  0:58  Probe (Chrono Boost)  
  18  1:08  Probe (Chrono Boost)  
  19  1:19  Probe (Chrono Boost)  
  19  1:25  Cybernetics Core  
  20  1:29  Probe (Chrono Boost)  
  21  1:39  Nexus  
  21  1:47  Forge  
  21  2:01  Warp Gate  
  21  2:03  Adept  
  23  2:09  Pylon  
  23  2:13  Pylon  
  23  2:28  Probe (Chrono Boost)  
  24  2:32  Photon Cannon  
  24  2:43  Probe (Chrono Boost)  
  25  2:51  Probe (Chrono Boost)  
  26  2:53  Pylon  
  26  2:55  Mothership Core (Chrono Boost)  
  28  3:01  Probe (Chrono Boost)  
  29  3:10  Assimilator  
  29  3:12  Probe (Chrono Boost), Photon Cannon  
  30  3:13  Probe (Chrono Boost)  
  31  3:23  Probe (Chrono Boost)  
  31  3:24  Assimilator  
  32  3:27  Probe (Chrono Boost)  
  32  3:33  Probe (Chrono Boost)  
  34  3:38  Probe (Chrono Boost)  
  35  3:44  Probe (Chrono Boost)  
  37  3:48  Probe (Chrono Boost)  
  37  3:50  Stargate  
  37  3:54  Probe (Chrono Boost)  
  38  3:59  Probe (Chrono Boost)  
  39  4:07  Pylon  
  39  4:08  Stalker  
  39  4:09  Probe (Chrono Boost)  
  42  4:14  Probe (Chrono Boost), Stargate  
  43  4:20  Probe (Chrono Boost)  
  44  4:25  Probe (Chrono Boost)  
  44  4:26  Stargate  
  44  4:30  Probe (Chrono Boost)  
  46  4:32  Assimilator  
  46  4:35  Probe (Chrono Boost)  
  47  4:41  Probe (Chrono Boost), Oracle  
  51  4:46  Probe (Chrono Boost)  
  51  4:52  Probe (Chrono Boost)  
  53  4:59  Oracle  
  56  5:02  Nexus  
  56  5:05  Stalker  
  54  5:25  Probe (Chrono Boost)  
  54  5:26  Probe (Chrono Boost)  
  54  5:27  Oracle  
  56  5:34  Oracle  
  63  5:37  Probe (Chrono Boost)  
  63  5:39  Probe (Chrono Boost)  
  64  5:45  Pylon  
  64  5:49  Probe (Chrono Boost), Oracle  
  66  5:51  Probe (Chrono Boost)  
  69  5:58  Oracle  
  69  6:01  Probe (Chrono Boost)  
  73  6:04  Pylon  
  73  6:05  Probe (Chrono Boost)  
  73  6:13  Probe (Chrono Boost)  
  73  6:15  Probe (Chrono Boost)  
  73  6:16  Photon Cannon  
  73  6:17  Probe (Chrono Boost)  
  76  6:26  Probe (Chrono Boost)  
  76  6:27  Phoenix  
  76  6:31  Phoenix  
  71  6:43  Probe (Chrono Boost)  
  69  6:47  Stalker  
  69  6:51  Phoenix  
  69  6:53  Phoenix  
  59  6:54  Probe (Chrono Boost)  
  61  7:03  Probe x2 (Chrono Boost)  
  61  7:04  Probe (Chrono Boost)  
  61  7:07  Phoenix  
  62  7:15  Probe (Chrono Boost)  
  61  7:21  Phoenix  
  61  7:22  Phoenix  
  58  7:25  Probe (Chrono Boost)  
  58  7:29  Probe x2 (Chrono Boost)  
  64  7:37  Phoenix  
  64  7:41  Probe x2 (Chrono Boost)  
  66  7:46  Nexus  
  65  7:53  Probe x2 (Chrono Boost)  
  54  8:06  Probe (Chrono Boost)  
  48  8:16  Pylon  
  48  8:18  Probe (Chrono Boost)  
  49  8:22  Phoenix  
  49  8:24  Phoenix  
  43  8:27  Phoenix  
  43  8:28  Protoss Air Weapons Level 1  
  43  8:30  Probe x2 (Chrono Boost)  
  49  8:42  Probe x2 (Chrono Boost)  
  49  8:48  Photon Cannon  
  48  8:54  Probe x2 (Chrono Boost), Phoenix  
  52  9:06  Probe x2 (Chrono Boost)  
  52  9:07  Probe (Chrono Boost)  
  55  9:13  Photon Cannon  
  56  9:18  Probe x2 (Chrono Boost)  
  56  9:19  Probe (Chrono Boost), Phoenix  
  59  9:28  Probe (Chrono Boost)  
  59  9:30  Probe (Chrono Boost), Phoenix  
  59  9:31  Probe (Chrono Boost)  
  58  9:33  Phoenix  
  58  9:39  Probe (Chrono Boost)  
  58  9:42  Probe (Chrono Boost)  
  58  9:43  Probe (Chrono Boost)  
  57  10:01  Probe (Chrono Boost), Phoenix  
  57  10:02  Probe (Chrono Boost), Assimilator  
  57  10:03  Probe (Chrono Boost), Assimilator, Phoenix  
  57  10:07  Phoenix  
  66  10:12  Probe (Chrono Boost)  
  64  10:14  Probe (Chrono Boost)  
Tags
 
Add a new tag
Caveats
  • Supply blocks, unpowered buildings, or Contaminate may cause inaccurate times.
  • Supply counts are checked every 10 seconds.